 Dungeon Crawl Stone Soup version 0.24-a0-70-gf44d0c5 (webtiles) character file.

Game seed: 10296474359221375514

9353 Ijustatesigmund the Unflinching (level 11, -21/97 HPs)
             Began as a Hill Orc Fighter on Feb 5, 2019.
             Was a Believer of the Shining One.
             Killed from afar by Harold (27 damage)
             ... with a wand of acid (2)
             ... on level 11 of the Dungeon on Feb 6, 2019.
             The game lasted 00:28:45 (10773 turns).

Ijustatesigmund the Unflinching (Hill Orc Fighter) Turns: 10773, Time: 00:28:46

Health: -21/97     AC:  3    Str: 20    XL:     11   Next: 45%
Magic:  18/21      EV:  8    Int: 10    God:    the Shining One [**....]
Gold:   453        SH: 23    Dex: 15    Spells: 10/10 levels left

rFire    + . .     SeeInvis .   a - +1 war axe
rCold    . . .     Gourm    .   c - +1 shield
rNeg     + . .     Faith    .   H - +0 chain mail of Leaves {Regen+}
rPois    .         Spirit   .   h - +1 hat
rElec    .         Reflect  .   y - +2 cloak
rCorr    .         Harm     .   I - +0 pair of gloves
MR       .....                  (no boots)
Stlth    ..........             (no amulet)
HPRegen  0.66/turn              p - ring of wizardry
MPRegen  0.17/turn              m - ring of protection from fire

@: divine shield, marked, corroded, glowing
A: agile 1, clever 1, wild magic 1
a: Divine Shield, Renounce Religion


You were on level 11 of the Dungeon.
You worshipped the Shining One.
The Shining One was pleased with you.
You were not hungry.

You visited 1 branch of the dungeon, and saw 11 of its levels.
You also visited: Bailey.

You collected 453 gold pieces.

Inventory:

Hand Weapons
 a - a +1 war axe (weapon)
 t - a +2 flail of protection
Armour
 c - a +1 shield (worn)
 h - a +1 hat (worn)
 y - a +2 cloak (worn)
 B - a +0 large shield
 C - a +2 troll leather armour {Snorg}
 H - the +0 chain mail of Leaves (worn) {Regen+}
   (You found it on level 9 of the Dungeon)

   It increases your rate of regeneration.
 I - a +0 pair of gloves (worn)
Jewellery
 i - an uncursed ring of ice
 m - a ring of protection from fire (right hand)
 p - a ring of wizardry (left hand)
Wands
 d - a wand of paralysis (16)
 z - a wand of acid (5)
 A - a wand of iceblast (3)
Scrolls
 b - a scroll of summoning
 e - a scroll of magic mapping
 g - 4 scrolls of teleportation
 o - 2 scrolls of immolation
 u - a scroll of amnesia
 v - a scroll of identify
 x - a scroll of fear
 D - a scroll of enchant weapon
Potions
 j - 4 potions of brilliance
 k - 2 potions of curing
 l - 2 potions of magic
 n - a potion of berserk rage
 q - 2 potions of cancellation
 r - 2 potions of resistance
 s - 4 potions of mutation
 w - a potion of agility {unknown}
 E - 2 potions of flight
 F - a potion of lignification {unknown}
Comestibles
 f - 10 rations


   Skills:
 + Level 9.2 Fighting
 * Level 11.9 Axes
 - Level 5.1 Armour
 + Level 4.9 Dodging
 - Level 5.1 Shields
 + Level 13.4 Invocations


You had 10 spell levels left.
You didn't know any spells.
Your spell library contained the following spells:

 Spells                   Type           Power        Failure   Level  Hunger
 Flame Tongue             Conj/Fire      #....        99%         1    ##.....
 Throw Flame              Conj/Fire      #.....       100%        2    ###....
 Conjure Flame            Conj/Fire      #.......     100%        3    ####...
 Inner Flame              Hex/Fire       #.......     100%        3    ####...
 Sticky Flame             Conj/Fire      #.......     100%        4    #####..
 Fireball                 Conj/Fire      #.........   100%        5    ######.
 Poison Arrow             Conj/Pois      #.........   100%        6    #######
 Chain Lightning          Conj/Air       #.........   100%        8    #######
 Lehudib's Crystal Spear  Conj/Erth      #.........   100%        8    #######
 Fire Storm               Conj/Fire      #.........   100%        9    #######
 Glaciate                 Conj/Ice       #.........   100%        9    #######


Dungeon Overview and Level Annotations

Branches:
Dungeon (11/15)            Temple (0/1) D:7            Lair (0/6) D:9
    Orc (0/2) D:9

Altars:
Ashenzari
Dithmenos
Elyvilon
Fedhas
Makhleb
Qazlal
Trog
Vehumet
Zin
The Shining One

Shops:
D:7 =   D:10 }

Annotations:
D:11 Harold


Innate Abilities, Weirdness & Mutations

You are agile. (Dex +2)
Your mind is acute. (Int +2)
Your spells are a little harder to cast, but a little more powerful.


Message History

You feel slightly more hungry. Harold gestures at you while chanting.
The mark upon you grows brighter.
You hit Harold.
Harold is almost dead.
Harold zaps a wand.
The bolt of acid hits you!!
* * * LOW HITPOINT WARNING * * *
The acid corrodes you!
You are splashed with acid!
The Shining One protects you from harm!
You hit Harold but do no damage.
Harold is almost dead.
You block Harold's attack.
You hit Harold.
Harold is almost dead.
Harold casts a spell at you. The mark upon you grows brighter.
You hit Harold but do no damage.
Harold is almost dead.
Harold zaps a wand.
The bolt of acid hits you!!
You die...

#...# #..#
#...# #..#
#...# # #..#
#...# .# #..#
#...###.# #..#
#.......# #..#
#.......#
#..###(..@@..#
#........##..#
#.#####..#
.... #.# #..#
.... #.# #..#
##. #.# #..#
#.# #..# # #.#
#..# .#
#.#####..##..#


You could see Harold.

Vanquished Creatures
  Snorg (D:10)
  Erica (D:9)
  Pikel (D:8)
  A centaur zombie (D:10)
  An ugly thing (D:10)
  Joseph (D:8)
  A troll (D:10)
  2 hippogriffs
  A wraith (D:10)
  5 orc warriors
  2 slaves (D:8)
  A sky beast (D:5)
  3 phantoms
  4 ice beasts
  2 centaurs
  4 ogres
  A big kobold (D:8)
  4 bullfrogs
  8 gnoll sergeants (Bailey)
  2 scorpions (D:4)
  11 killer bees
  10 wights
  2 howler monkeys
  A quasit (D:7)
  5 crimson imps
  A bullfrog zombie (D:5)
  5 hounds
  3 jellies
  4 bullfrog skeletons
  6 gnoll shamans (Bailey)
  5 orc priests
  3 iguanas
  10 orc wizards
  Crazy Yiuf (D:5)
  Natasha (thrice) (D:4)
  6 worker ants
  2 hound zombies
  A howler monkey zombie (D:10)
  28 gnolls
  5 adders
  A howler monkey skeleton (D:8)
  2 shadow imps
  An ooze (D:1)
  2 adder zombies
  5 dart slugs
  2 worms (D:3)
  5 leopard geckos
  27 orcs
  5 giant cockroaches
  10 goblins
  5 hobgoblins
  17 jackals
  15 kobolds
  3 quokkas
  3 ball pythons
  8 bats
  5 frilled lizards
  A jackal zombie (D:4)
  A quokka skeleton (D:4)
  A quokka zombie (D:6)
  5 rats
282 creatures vanquished.

Vanquished Creatures (others)
  A slave (D:8)
1 creature vanquished.

Grand Total: 283 creatures vanquished

Notes
Turn   | Place    | Note
-------+----------+-------------------------------------------
     0 | D:1      | Ijustatesigmund the Hill Orc Fighter began the quest for
                  | the Orb.
     0 | D:1      | Reached XP level 1. HP: 19/19 MP: 1/1
    76 | D:1      | Reached XP level 2. HP: 23/26 MP: 2/2
   337 | D:1      | Reached XP level 3. HP: 24/31 MP: 3/3
   855 | D:2      | Reached skill level 5 in Axes
  1009 | D:2      | You fall through a shaft!
  1114 | D:3      | Reached XP level 4. HP: 35/40 MP: 4/4
  1599 | D:3      | Found a stormy altar of Qazlal.
  1787 | D:4      | Noticed a phantom
  1848 | D:4      | Killed a phantom
  1848 | D:4      | Reached XP level 5. HP: 30/46 MP: 5/5
  2140 | D:4      | Noticed Natasha
  2144 | D:4      | Killed Natasha
  2165 | D:4      | Reached XP level 6. HP: 37/53 MP: 6/6
  2359 | D:4      | Noticed Natasha
  2372 | D:4      | Killed Natasha
  2664 | D:4      | Found a radiant altar of Vehumet.
  2664 | D:4      | Found a bloodstained altar of Trog.
  2665 | D:4      | Found a glowing silver altar of Zin.
  2665 | D:4      | Found a shadowy altar of Dithmenos.
  2789 | D:4      | Reached skill level 5 in Fighting
  3091 | D:4      | Noticed Natasha
  3101 | D:4      | Killed Natasha
  3101 | D:4      | Reached XP level 7. HP: 37/61 MP: 7/7
  3580 | D:5      | Entered Level 5 of the Dungeon
  3759 | D:5      | Reached skill level 5 in Armour
  3759 | D:5      | Reached skill level 5 in Shields
  3882 | D:5      | Found a runed translucent door.
  3883 | D:5      | Noticed Crazy Yiuf
  3891 | D:5      | Killed Crazy Yiuf
  4303 | D:5      | Found a shadowy altar of Dithmenos.
  4395 | D:5      | Reached skill level 1 in Dodging
  4395 | D:5      | Reached XP level 8. HP: 48/70 MP: 8/8
  4721 | D:6      | Found a shattered altar of Ashenzari.
  5105 | D:6      | Found a glowing golden altar of the Shining One.
  5105 | D:6      | Found a blossoming altar of Fedhas.
  5108 | D:6      | Became a worshipper of the Shining One
  5191 | D:7      | Reached skill level 2 in Invocations
  5191 | D:7      | Reached XP level 9. HP: 70/79 MP: 8/10
  5200 | D:7      | Reached skill level 3 in Invocations
  5272 | D:7      | Found a staircase to the Ecumenical Temple.
  5347 | D:7      | Reached skill level 4 in Invocations
  5431 | D:7      | Reached skill level 5 in Invocations
  5447 | D:7      | Found a shattered altar of Ashenzari.
  5475 | D:7      | Reached skill level 6 in Invocations
  5512 | D:7      | Upgraded the game from 0.24-a0-67-ga78bd38 to
                  | 0.24-a0-70-gf44d0c5
  5562 | D:7      | Reached skill level 7 in Invocations
  5678 | D:7      | Reached skill level 8 in Invocations
  5914 | D:7      | Found a burning altar of Makhleb.
  5994 | D:7      | Reached * piety under the Shining One
  6091 | D:7      | Found Yweducue's Jewellery Emporium.
  6312 | D:8      | Noticed Joseph
  6327 | D:8      | Killed Joseph
  6327 | D:8      | Reached skill level 9 in Invocations
  6360 | D:8      | Reached skill level 10 in Invocations
  6930 | D:8      | Reached XP level 10. HP: 84/86 MP: 16/18
  6986 | D:8      | Reached skill level 11 in Invocations
  7344 | D:8      | Found a white marble altar of Elyvilon.
  7345 | D:8      | Noticed Pikel
  7362 | D:8      | Killed Pikel
  7623 | D:9      | Found a staircase to the Orcish Mines.
  7655 | D:9      | Reached skill level 12 in Invocations
  8082 | D:9      | Reached ** piety under the Shining One
  8215 | D:9      | Got a bloodstained chain mail
  8262 | D:8      | Identified the cursed +0 chain mail of Leaves {Regen+} (You
                  | found it on level 9 of the Dungeon)
  8402 | D:9      | Found a staircase to the Lair.
  8461 | D:9      | Noticed Erica
  8475 | D:9      | Killed Erica
  8800 | D:10     | Entered Level 10 of the Dungeon
  8800 | D:10     | Found Puxzeul's Gadget Shoppe.
  8820 | D:10     | Reached skill level 10 in Axes
  8917 | D:10     | Found a flagged portal.
  8932 | Bailey   | Entered a bailey
  9271 | Bailey   | Reached XP level 11. HP: 38/95 MP: 18/20
  9283 | Bailey   | Reached skill level 13 in Invocations
  9736 | D:10     | Gained mutation: Your spells are a little harder to cast,
                  | but a little more powerful. [potion of mutation]
  9736 | D:10     | Gained mutation: Your mind is acute. (Int +2) [potion of
                  | mutation]
  9736 | D:10     | Gained mutation: You are agile. (Dex +2) [potion of
                  | mutation]
 10146 | D:10     | Noticed Snorg
 10190 | D:10     | Killed Snorg
 10496 | D:11     | Noticed a purple ugly thing
 10525 | D:10     | Killed a purple ugly thing
 10741 | D:11     | Noticed Harold
 10770 | D:11     | HP: 4/97 [Harold/wand of acid (3) (24)]
 10770 | D:11     | The Shining One protects you from harm!
 10773 | D:11     | Killed from afar by Harold

Vault maps used:
D:1:      minmay_arrival_five_plusses
D:3:      nicolae_qazlal_general_emergency
D:4:      chequers_temple_overflow_statue_of_worship, uniq_natasha
D:5:      first_ration, grunt_dithmenos_smoke_and_mirrors,
          uniq_crazy_yiuf_cottage
D:6:      gammafunk_temple_overflow_elements, basic_altar
D:7:      lemuel_crystal_altar, lightli_temple_of_fire,
          minmay_temple_entry_trees, serial_shops, nicolae_shop_waterfront
D:8:      layout_loops_ring, nicolae_overflow_crystal_walls, uniq_pikel,
          uniq_joseph
D:9:      layout_basic, dpeg_oklobed_lair, orc_0_dummy, uniq_erica
D:10:     layout_basic, enter_bailey_7, serial_shops, shop, uniq_snorg
D:11:     layout_long_grid, grunt_ogre_cave, uniq_harold, uniq_maurice,
          uniq_grum
Bailey:   bailey_polearm_gnolls_kennysheep, bailey

Skill      XL: |  1  2  3  4  5  6  7  8  9 10 11 |
---------------+----------------------------------+-----
Axes           | 3 4 5 6 7 9 10 11 | 11.9
Fighting       | 4 5 6 7 8 9 |  9.2
Armour         | 4 5 |  5.1
Shields        | 4 5 |  5.1
Dodging        | 1 3 4 |  4.9
Invocations    | 2 10 12 13 | 13.4

Action                   |  1- 3 |  4- 6 |  7- 9 | 10-12 || total
-------------------------+-------+-------+-------+-------++-------
Melee: War axe           |   136 |   193 |   327 |   439 ||  1095
Invok: Divine Shield     |       |       |       |     6 ||     6
Evoke: Wand              |       |       |     3 |    11 ||    14
  Use: Scroll            |     8 |     1 |     9 |     7 ||    25
       Potion            |       |     2 |     1 |     6 ||     9
  Eat: Chunk             |       |     4 |     3 |     5 ||    12
       Ration            |       |     1 |     3 |     3 ||     7
Armor: Scale mail        |    65 |    62 |   133 |       ||   260
       Leather armour    |       |       |    10 |    24 ||    34
       Chain mail        |       |       |       |   139 ||   139
Dodge: Dodged            |    57 |    54 |   105 |   155 ||   371
Block: Shield            |    89 |   105 |   216 |   377 ||   787

Table legend:
 A = Non-vault XP
 B = Vault XP
 C = Vault XP percentage of total XP
 D = Non-vault monster count
 E = Vault monster count
 F = Vault count percentage of total count
                 A         B        C        D         E       F
            +---------+---------+-------+---------+---------+-------
      Total |    8780 |    4582 |  34.3 |     240 |      40 |  14.3
            +---------+---------+-------+---------+---------+-------
        D:1 |      45 |       0 |   0.0 |      23 |       0 |   0.0
        D:2 |      28 |       0 |   0.0 |      15 |       0 |   0.0
        D:3 |      48 |       0 |   0.0 |      22 |       0 |   0.0
        D:4 |     554 |      33 |   5.6 |      25 |       1 |   3.8
        D:5 |     747 |      39 |   5.0 |      20 |       1 |   4.8
        D:6 |     794 |       0 |   0.0 |      23 |       0 |   0.0
        D:7 |    1435 |       0 |   0.0 |      31 |       0 |   0.0
        D:8 |     702 |    1147 |  62.0 |      16 |       2 |  11.1
        D:9 |    1254 |     929 |  42.6 |      28 |       1 |   3.4
       D:10 |    3173 |    1205 |  27.5 |      37 |       5 |  11.9
     Bailey |       0 |    1229 | 100.0 |       0 |      30 | 100.0
            +---------+---------+-------+---------+---------+-------
